 Dungeon Crawl Stone Soup version 0.31-a0-544-gceb718ecc6 (webtiles) character file.

Game seed: 6099126883636905228

584 avis the Ruffian (level 6, -1/48 HPs)
             Began as a Demigod Shapeshifter on Aug 16, 2023.
             Killed by divine providence
             ... invoked by an orc priest
              (12 damage)
             ... on level 5 of the Dungeon.
             The game lasted 00:18:36 (4403 turns).

avis the Ruffian (Demigod Shapeshifter)             Turns: 4403, Time: 00:18:36

Health: -1/48      AC:  5    Str: 20    XL:     6   Next: 91%
Magic:  8/8        EV: 12    Int: 10    God:
Gold:   267        SH:  5    Dex: 18    Spells: 5/5 levels left

rFire   . .          .
                       - Unarmed
rCold   . . .        (no shield)
rNeg    . . .        u - +0 ring mail
rPois   .            (helmet currently unavailable)
rElec   .            (cloak currently unavailable)
rCorr   .            (gloves currently unavailable)
SInv    .            (boots currently unavailable)
Will    .....        p - amulet of reflection
Stlth   +            (no ring)
HPRegen 0.28/turn    (no ring)
MPRegen 0.11/turn

%: reflection
@: mighty, beast-form
A: beast (slay +2), high MP 1, forlorn, divine attributes
a: Begin Untransformation


You were on level 5 of the Dungeon.
You were a hulking beast.
You visited 1 branch of the dungeon, and saw 5 of its levels.

You collected 267 gold pieces.

Inventory:

Hand Weapons
 b - a +0 sling
 o - a +0 hand axe of flaming
 v - a +0 dagger of protection
Missiles
 t - 25 stones
Armour
 u - a +0 ring mail (worn)
Magical Staves
 s - a staff of earth
Jewellery
 j - a ring of ice
 p - an amulet of reflection (around neck)
Talismans
 c - a beast talisman (active)
 d - a flux talisman
Wands
 r - a wand of flame (19)
Scrolls
 e - 3 scrolls of identify
 g - 3 scrolls of teleportation {unknown}
 k - 2 scrolls of amnesia {unknown}
 l - a scroll of fog {unknown}
 m - a scroll of blinking {unknown}
 q - a scroll of silence {unknown}
 w - 3 scrolls of poison {unknown}
Potions
 a - 2 potions of might
 f - 2 potions of curing {unknown}
 h - a potion of resistance {unknown}
 i - a potion of heal wounds {unknown}
 n - a potion of enlightenment {unknown}
 x - a potion of ambrosia {unknown}


   Skills:
 - Level 2.0 Fighting
 - Level 3.0 Dodging
 * Level 6.7 Unarmed Combat
 - Level 3.0 Shapeshifting


You had 5 spell levels left.
You didn't know any spells.
Your spell library contained the following spells:

 Spells                   Type           Power      Damage    Failure   Level
 Kiss of Death            Conj/Necr      0%         2d5       54%         1
 Cigotuvi's Dreadful Rot  Necr/Pois/Air  0%         N/A       69%         2
 Call Canine Familiar     Summ           0%         N/A       89%         3
 Confusing Touch          Hex            0%         N/A       89%         3
 Ignite Poison            Fire/Tmut/Pois 0%         N/A       89%         3
 Portal Projectile        Hex/Tloc       0%         N/A       89%         3
 Dispel Undead            Necr           0%         3d6       100%        4
 Leda's Liquefaction      Hex/Erth       0%         N/A       100%        4
 Freezing Cloud           Conj/Ice/Air   0%         6-21      100%        5


Dungeon Overview and Level Annotations

Branches:
Dungeon (5/15)
 Temple: D:4-7

Annotations:
D:5 Prince Ribbit


Innate Abilities, Weirdness & Mutations

You are a hulking beast.
Your limbs bulge with bestial killing power. (Slay +2)
You have an increased reservoir of magic. (+10% MP)
You shall have no god before yourself.
Your divine heritage dramatically boosts your attributes as you level up.


Message History

You hear a shout!
An orc, an orc priest and a dart slug come into view.
An orc comes into view. It is wielding a +0 dagger.
The dart slug moves out of view.
Found a ring mail.
The orc wizard gestures wildly while chanting.
The orc wizard flickers and vanishes!
Deactivating autopickup; reactivate with Ctrl-A.
The orc priest calls down the wrath of Beogh upon you.
Beogh smites you!
You hear a shout!
The dart slug launches a dart at you.
The slug dart hits you but does no damage.
The orc priest miscasts a cantrip.
The dart slug launches a dart at you. The slug dart hits you.
The orc priest invokes the aid of Beogh against you.
Beogh smites you!
The orc priest looks encouraged for a moment.
A puff of flame appears from out of thin air!
The puff of flame hits you.
* * * LOW HITPOINT WARNING * * *
Something tries to affect you, but you resist.
You open the door.
A river rat and 2 rats come into view.
The river rat moves out of view.
There is an open door here.
As you read the scroll labelled AFUMUE CAOH, it crumbles to dust.
It is a scroll of identify.
a - 3 potions of might You feel very mighty all of a sudden.
Prince Ribbit croaks regally.
The orc priest begins to cast a cantrip, but forgets the words!
You punch Prince Ribbit!
Prince Ribbit is moderately wounded.
Prince Ribbit hits you.
* * * LOW HITPOINT WARNING * * *
The orc priest invokes the aid of Beogh against you.
Beogh smites you!
You die...

.......###
#.#.##...##
..#.###...#######
###.##......)...###
#....###.####......
#.#..# ###~~##+.#..
#.##.# +~~~~r~ .#
#....# +~~~~r~#F#
#.#..# ### ##h.# #
##.###.####o..#
#...o........#
.........#.o..o...#
.........w..####..#
.........##.# #..#
.........##.# #....
.........##.#
####..
.....w...##.. ...


You could see Prince Ribbit, an orc priest, a river rat, a dart slug, 2 orcs and
a rat.

Vanquished Creatures
  Sigmund (D:2)
  2 hounds (D:4)
  An orc priest (D:4)
  A jelly (D:4)
  Natasha (thrice) (D:1)
  An iguana (D:5)
  2 orc wizards
  5 adders
  4 worms
  4 dart slugs
  9 orcs
  10 ball pythons
  6 bats
  5 endoplasms
  5 giant cockroaches
  7 goblins
  12 hobgoblins
  2 quokkas
  2 frilled lizards
  8 kobolds
  7 rats
97 creatures vanquished.

Notes
Turn   | Place    | Note
-------+----------+-------------------------------------------
     0 | D:1      | avis the Demigod Shapeshifter began the quest for the Orb.
     0 | D:1      | Reached XP level 1. HP: 15/15 MP: 3/3
    52 | D:1      | Reached skill level 1 in Fighting
   103 | D:1      | Reached skill level 3 in Unarmed Combat
   156 | D:1      | Reached XP level 2. HP: 22/23 MP: 4/4
   520 | D:1      | Reached XP level 3. HP: 28/28 MP: 5/5
   947 | D:2      | Noticed Natasha
   955 | D:1      | Killed Natasha
  1042 | D:1      | Noticed Natasha
  1052 | D:1      | Killed Natasha
  1053 | D:1      | Reached skill level 4 in Unarmed Combat
  1053 | D:1      | Reached XP level 4. HP: 17/36 MP: 6/6
  1097 | D:1      | Noticed Natasha
  1135 | D:1      | Killed Natasha
  1202 | D:2      | Noticed Sigmund
  1211 | D:2      | Killed Sigmund
  1212 | D:2      | Reached skill level 5 in Unarmed Combat
  1212 | D:2      | Reached XP level 5. HP: 41/41 MP: 7/7
  1769 | D:2      | Reached XP level 6. HP: 48/48 MP: 8/8
  3361 | D:4      | Reached skill level 6 in Unarmed Combat
  4332 | D:5      | Entered Level 5 of the Dungeon
  4362 | D:5      | Noticed Prince Ribbit
  4403 | D:5      | Killed from afar by an orc priest

Illustrated notes

Levels and vault maps discovered:
D:1:      dpeg_arrival_leaves_temple_mockup, layout_basic
D:2:      layout_rooms, basic_ecumenical_altar, basic_altar,
          minmay_misc_feat_roman, uniq_sigmund, uniq_natasha
D:3:      layout_loops_corners, amcnicky_altar_gilded, cheibriados_altar_1,
          grunt_ministairs_6, serial_bayou_ford_a
D:4:      layout_loops_ring
D:5:      layout_basic, temple_statues, gup_sewer_entry_bowl,
          uniq_prince_ribbit1

Skill      XL: |  1  2  3  4  5  6 |
---------------+-------------------+-----
Fighting       | 1 2 |  2.0
Dodging        | 2 3 |  3.0
Unarmed Combat | 3 4 5 6 |  6.7
Shapeshifting  | 3 |  3.0

Action                     |  1- 3 |  4- 6 || total
---------------------------+-------+-------++-------
  Melee: Unarmed           |    92 |   129 ||   221
         Punch             |     2 |     4 ||     6
   Fire: Sling             |     5 |   114 ||   119
    Use: Potion            |       |     2 ||     2
         Scroll            |       |     1 ||     1
 Armour: Animal skin       |    12 |     3 ||    15
         Skin              |       |     4 ||     4
         Scale mail        |       |    10 ||    10
         Ring mail         |       |    15 ||    15
  Dodge: Dodged            |    47 |    46 ||    93
  Block: Other             |       |    12 ||    12

Table legend: (Time is in decaauts)
 A = Elapsed time spent in this place.
 B = Non-inter-level travel time spent in this place.
 C = Inter-level travel time spent in this place.
 D = Time resting spent in this place.
 E = Time spent auto-exploring this place.
 F = Levels seen in this place.
 G = Mean time per level.
                   A        B        C        D        E       F      G
               +--------+--------+--------+--------+--------+-----+--------+
         Total |   4414 |   3995 |    419 |    743 |   2264 |   5 |  882.8 |
       Dungeon |   4414 |   3995 |    419 |    743 |   2264 |   5 |  882.8 |
               +--------+--------+--------+--------+--------+-----+--------+

Top non-repeatable levels by time:
     D:4: 1225 daAuts
     D:1: 1179 daAuts
     D:3: 1154 daAuts
     D:2: 786 daAuts
     D:5: 68 daAuts
